 Dungeon Crawl Stone Soup version 0.13-a0-2305-ge00d11d (webtiles) character file.

271 Kae the Cudgeler (level 4, -2/39 HPs)
             Began as a Minotaur Berserker on July 9, 2013.
             Was a Priest of Trog.
             Slain by an orc
             ... wielding a +0,+1 orcish trident
              (3 damage)
             ... on Level 3 of the Dungeon.
             The game lasted 00:01:25 (1594 turns).

Kae the Cudgeler (Minotaur Berserker)               Turns: 1594, Time: 00:01:25

HP  -2/39        AC  3     Str 22      XL: 4   Next: 54%
MP   1/1         EV 12     Int  5      God: Trog [***...]
Gold 166         SH  0     Dex  9      Spells:  0 memorised,  3 levels left

Res.Fire  : . . .   See Invis. : .   a - +0,+1 mace
Res.Cold  : . . .   Warding    : .   b - +0 animal skin
Life Prot.: . . .   Conserve   : .   (no shield)
Res.Poison: .       Res.Corr.  : .   (helmet restricted)
Res.Elec. : .       Clarity    : .   (no cloak)
Sust.Abil.: . .     Spirit.Shd : .   (no gloves)
Res.Mut.  : .       Stasis     : .   n - +0 pair of elf boots
Res.Rott. : .       Flight     : .   (no amulet)
Saprovore : . . .                    (no ring)
                                     (no ring)

@: slightly resistant to hostile enchantments, unstealthy
A: retaliatory headbutt, horns 2
a: Burn Spellbooks, Berserk, Trog's Hand, Renounce Religion


You were on level 3 of the Dungeon.
You worshipped Trog.
Trog was greatly pleased with you.
You were very hungry.

You visited 1 branch of the dungeon, and saw 3 of its levels.

You collected 146 gold pieces.

Inventory:

Hand weapons
 a - a +0,+1 mace (weapon)
Armour
 b - a +0 animal skin (worn)
 n - a +0 pair of elven boots (worn)
Comestibles
 c - 2 bread rations
 i - a snozzcumber
 k - a choko
 m - a meat ration
Scrolls
 d - a scroll of blinking
 g - a scroll of random uselessness {unknown}
 h - a scroll of teleportation
 l - 2 scrolls of identify
 p - a scroll of amnesia {unknown}
Potions
 e - a potion of brilliance {unknown}
 f - a potion of poison {unknown}
 j - a potion of restore abilities {unknown}
 o - a potion of might {unknown}


   Skills:
 - Level 3.6 Fighting
 + Level 6.5 Maces & Flails
 - Level 2.4 Armour
 - Level 2.1 Dodging


You had 3 spell levels left.
You didn't know any spells.

Dungeon Overview and Level Annotations

Branches:
Dungeon (3/27)

Altars:
Ashenzari


Innate Abilities, Weirdness & Mutations

You reflexively headbutt those who attack you in melee.
You have a pair of horns on your head.


Message History

Unknown command.
You are too injured to fight recklessly!
You are too injured to fight recklessly!
You are too injured to fight recklessly!
Unknown command.
You are too injured to fight recklessly!
You are too injured to fight recklessly!
You are too injured to fight recklessly!
You hit the orc but do no damage. The orc hits you with an orcish club.
The orc hits you from afar with an orcish trident.
* * * LOW HITPOINT WARNING * * *
The orc hits you from afar with an orcish trident.
* * * LOW HITPOINT WARNING * * *
You hit the orc. Your headbutt misses the orc.
The orc is moderately wounded.
The orc hits you with an orcish club.
* * * LOW HITPOINT WARNING * * *
The orc misses you.
The orc hits you from afar with an orcish trident.
You die...

#.# #.#...###.#.# #.#
#.#...# #.#.# #[#...#
#.#.# #.#...# #.#.#
.#...# #.#.#
#...###.#.#
##.##.).#.####
####.##o##^.......#
.......oo@...........#
####.##.##o..###.###.#
........# ...
..........# ..#
##.#......... ....
#.###.###.#.. .# # #.
#.#. . (.#


You could see 4 orcs.

Vanquished Creatures
  5 adders
  A giant mite (D:2)
  An orc (D:3)
  A ball python (D:1)
  11 bats
  7 goblins
  5 hobgoblins
  4 jackals
  5 giant cockroaches
  3 giant newts
  5 kobolds
  3 rats
51 creatures vanquished.

Notes
Turn   | Place    | Note
--------------------------------------------------------------
     0 | D:1      | Kae, the Minotaur Berserker, began the quest for the Orb.
     0 | D:1      | Reached XP level 1. HP: 19/19 MP: 0/0
   108 | D:1      | Reached skill level 4 in Maces & Flails
   182 | D:1      | Reached XP level 2. HP: 24/26 MP: 0/0
   774 | D:2      | Acquired Trog's second power
   787 | D:2      | Reached skill level 5 in Maces & Flails
   787 | D:2      | Reached XP level 3. HP: 17/33 MP: 1/1
  1227 | D:2      | Reached XP level 4. HP: 36/39 MP: 1/1
  1249 | D:2      | Found a shattered altar of Ashenzari.
  1490 | D:3      | Reached skill level 6 in Maces & Flails
  1594 | D:3      | HP: 1/39 [orc/orcish club (2)]
  1594 | D:3      | Slain by an orc

Action                   |  1- 3 |  4- 6 || total
-------------------------+-------+-------++-------
Melee: Mace              |    73 |    35 ||   108
  Use: Scroll            |     5 |       ||     5
